 Dungeon Crawl Stone Soup version 0.31-a0-142-g31f6795574 (webtiles) character file.

Game seed: 17723678381318830691

742 Faragor the Thaumaturge (level 7, -6/39 HPs)
             Began as a Deep Elf Ice Elementalist on June 3, 2023.
             Mangled by an ice beast (13 damage)
             ... on level 6 of the Dungeon.
             The game lasted 00:34:47 (5382 turns).

Faragor the Thaumaturge (Deep Elf Ice Elementalist) Turns: 5382, Time: 00:34:47

Health: -6/39      AC: 11    Str:  5    XL:     7   Next: 47%
Magic:  18/20      EV: 12    Int: 22    God:
Gold:   274        SH:  0    Dex: 15    Spells: 15/22 levels left

rFire   . . .        l - +1 dagger (venom)
rCold   . . .        (no shield)
rNeg    . . .        a - +0 robe
rPois   .            (no helmet)
rElec   .            o - scarf {repulsion}
rCorr   .            (no gloves)
SInv    +            r - +0 pair of boots
Will    .....        c - amulet of regeneration
Stlth   ++           q - ring of see invisible
HPRegen 1.06/turn    (no ring)
MPRegen 0.17/turn

%: repel missiles
@: ice-armoured, about to teleport
A: robust 1, screaming 1, no potion heal 1
a: no special abilities


You were on level 6 of the Dungeon.
You visited 2 branches of the dungeon, and saw 7 of its levels.

You collected 274 gold pieces.

Inventory:

Hand Weapons
 g - a +1 dagger
 l - a +1 dagger of venom (weapon)
 v - a +1 whip of freezing
Missiles
 k - 6 poisoned darts
 m - 4 datura-tipped darts
Armour
 a - a +0 robe (worn)
 o - a scarf of repulsion (worn)
 r - a +0 pair of boots (worn)
Jewellery
 c - an amulet of regeneration (around neck)
 q - a ring of see invisible (left hand)
 s - an amulet of guardian spirit
Scrolls
 f - a scroll of enchant weapon
 h - 4 scrolls of poison
 j - 2 scrolls of identify
 n - 2 scrolls of teleportation
 p - a scroll of enchant armour {unknown}
Potions
 b - a potion of magic
 d - 2 potions of lignification
 e - 2 potions of haste
 i - a potion of brilliance (quivered)
 t - 2 potions of degeneration


   Skills:
 - Level 2.4 Dodging
 - Level 2.5 Stealth
 + Level 8.1 Spellcasting
 + Level 7.8 Ice Magic


You had 15 spell levels left.
You knew the following spells:

 Your Spells              Type           Power      Damage    Failure   Level
a - Freeze                Ice            100%       1d10      1%          1
b - Frozen Ramparts       Ice            86%        1d13      1%          3
c - Ozocubu's Armour      Ice            43%        N/A       1%          3

Your spell library contained the following spells:

 Spells                   Type           Power      Damage    Failure   Level
 Sandblast                Erth           16%        2d6       8%          1
 Passwall                 Tmut/Erth      6%         N/A       11%         2
 Summon Ice Beast         Ice/Summ       26%        N/A       14%         4
 Stone Arrow              Conj/Erth      16%        3d8       22%         3


Dungeon Overview and Level Annotations

Branches:
Dungeon (6/15)             Temple (1/1) D:5

Altars:
Ashenzari
Cheibriados
Elyvilon
Hepliaklqana
Makhleb
Okawaru
Ru
Trog
Uskayaw
Wu Jian
Yredelemnul
Zin
The Shining One

Shops:
D:6 [


Innate Abilities, Weirdness & Mutations

You are robust. (+10% HP)
You occasionally shout uncontrollably at your foes.
Potions are less effective at restoring your health.


Message History

The ice beast hits you but does no damage.
You hit the ice beast but do no damage.
The ice beast is lightly wounded.
The ice beast hits you but does no damage.
You hit the ice beast.
The ice beast looks as sick as possible!
The ice beast is moderately wounded.
The ice beast closely misses you.
You hit the ice beast but do no damage.
The ice beast is moderately wounded.
The ice beast closely misses you.
You hit the ice beast but do no damage.
The ice beast looks as sick as possible!
The ice beast is heavily wounded.
The ice beast hits you. The ice beast freezes you!
You closely miss the ice beast.
The ice beast is heavily wounded.
The ice beast hits you. The ice beast freezes you.
You hit the ice beast but do no damage.
The ice beast is heavily wounded.
The ice beast hits you but does no damage.
You closely miss the ice beast.
The ice beast is heavily wounded.
The ice beast closely misses you.
You closely miss the ice beast.
The ice beast is heavily wounded.
The ice beast barely misses you.
You hit the ice beast but do no damage.
The ice beast looks as sick as possible!
The ice beast is severely wounded.
The ice beast hits you. The ice beast freezes you!
* * * LOW HITPOINT WARNING * * *
You barely miss the ice beast.
The ice beast is severely wounded.
The ice beast hits you but does no damage.
As you read the scroll of teleportation, it crumbles to dust.
You feel strangely unstable. The ice beast hits you.
* * * LOW HITPOINT WARNING * * *
The ice beast freezes you!
You die...

#(# #.# ####
#.#####.######## #...
)..............######.#
#.........#...........#
#######.#.#.##.###.##.##
##.#.#.##..........
######.Y..#.######.#####
.......@###.# #.#
######......).. ..#
#.####.### #### #. #.#
.. ##. #. #.


You could see an ice beast (extremely poisoned).

Vanquished Creatures
  Pikel (D:5)
  3 lemures (D:5)
  3 hounds
  An orc priest (D:3)
  A sleepcap (D:5)
  An iguana (D:5)
  An orc wizard (D:3)
  5 adders
  3 worms
  A dart slug (D:4)
  2 orcs
  4 ball pythons
  4 bats
  An endoplasm (D:3)
  3 giant cockroaches
  A goblin (D:3)
  4 hobgoblins
  A jackal (D:3)
  5 kobolds
  2 quokkas
  3 frilled lizards
  4 rats
54 creatures vanquished.

Notes
Turn   | Place    | Note
-------+----------+-------------------------------------------
     0 | D:1      | Faragor the Deep Elf Ice Elementalist began the quest for
                  | the Orb.
     0 | D:1      | Reached XP level 1. HP: 10/10 MP: 6/6
   153 | D:1      | Found a faded altar of an unknown god.
   323 | D:1      | You fall into a shaft and drop 1 floor!
   343 | D:2      | Reached XP level 2. HP: 15/15 MP: 2/8
   744 | D:2      | Reached skill level 5 in Ice Magic
  1341 | D:3      | Reached XP level 3. HP: 19/19 MP: 7/10
  1414 | D:3      | Reached skill level 4 in Spellcasting
  2479 | D:3      | Reached XP level 4. HP: 14/24 MP: 5/12
  2579 | D:3      | Found a hazy altar of Hepliaklqana.
  2790 | D:4      | Reached skill level 5 in Spellcasting
  2820 | D:4      | Learned a level 3 spell: Frozen Ramparts
  2824 | D:4      | Learned a level 3 spell: Ozocubu's Armour
  3348 | D:4      | Reached XP level 5. HP: 20/28 MP: 8/14
  3660 | D:5      | Entered Level 5 of the Dungeon
  3892 | D:5      | Reached skill level 6 in Spellcasting
  3911 | D:5      | Found a staircase to the Ecumenical Temple.
  3930 | Temple   | Entered the Ecumenical Temple
  4381 | D:5      | Reached XP level 6. HP: 32/32 MP: 5/17
  4505 | D:5      | Noticed Pikel
  4517 | D:5      | Killed Pikel
  4518 | D:5      | Reached skill level 8 in Spellcasting
  4518 | D:5      | Reached XP level 7. HP: 22/36 MP: 13/20
  4934 | D:5      | Gained mutation: Potions are less effective at restoring
                  | your health. [potion of mutation]
  4934 | D:5      | Gained mutation: You are robust. (+10% HP) [potion of
                  | mutation]
  4934 | D:5      | Gained mutation: You occasionally shout uncontrollably at
                  | your foes. [potion of mutation]
  5314 | D:6      | Found Japtix's Armour Shoppe.
  5382 | D:6      | Mangled by an ice beast

Illustrated notes

Levels and vault maps discovered:
D:1:      minmay_arrival_loop, layout_basic, nicolae_ecumenical_lake_church
D:2:      layout_rooms
D:3:      layout_loops_corners, mainiacjoe_overflow_catwalk,
          grunt_decor_arrowhead, minmay_fractal_squares_diagonal_5
D:4:      layout_cave_pools, nicolae_letterblocks [nicolae_letter_subblock,
          nicolae_letter_subblock, nicolae_letter_subblock,
          nicolae_letter_subblock, nicolae_letter_subblock,
          nicolae_letter_subblock, nicolae_letter_subblock,
          nicolae_letter_subblock, nicolae_letter_subblock,
          nicolae_letter_subblock, nicolae_letter_subblock,
          nicolae_letter_subblock, nicolae_letter_subblock,
          nicolae_letter_subblock, nicolae_letter_subblock,
          nicolae_letter_subblock, nicolae_letter_subblock,
          nicolae_letter_subblock, nicolae_letter_subblock,
          nicolae_letter_subblock, nicolae_letter_subblock,
          nicolae_letter_subblock, nicolae_letter_subblock,
          nicolae_letter_subblock, nicolae_letter_subblock]
D:5:      nicolae_BIG_FREAKIN_CUBE, layout_rooms, uniq_pikel
D:6:      layout_loops_ring, chequers_temple_overflow_minitemple, serial_shops,
          shop
Temple:   hc_temple_tempest_star

Skill      XL: |  1  2  3  4  5  6 |
---------------+-------------------+-----
Ice Magic      | 5 6 7 |  7.8
Spellcasting   | 4 5 6 8 |  8.1
Dodging        | |  2.4
Stealth        | |  2.5

Action                     |  1- 3 |  4- 6 |  7- 9 || total
---------------------------+-------+-------+-------++-------
  Melee: Dagger            |     5 |     1 |    20 ||    26
   Cast: Freeze            |    52 |    48 |     5 ||   105
         Frozen Ramparts   |       |     6 |     1 ||     7
         Ozocubu's Armour  |       |     2 |     1 ||     3
    Use: Scroll            |     6 |       |     1 ||     7
         Potion            |     6 |     2 |     3 ||    11
 Armour: Robe              |     8 |     7 |     7 ||    22
  Dodge: Dodged            |    25 |    14 |    13 ||    52

Table legend: (Time is in decaauts)
 A = Elapsed time spent in this place.
 B = Non-inter-level travel time spent in this place.
 C = Inter-level travel time spent in this place.
 D = Time resting spent in this place.
 E = Time spent auto-exploring this place.
 F = Levels seen in this place.
 G = Mean time per level.
                   A        B        C        D        E       F      G
               +--------+--------+--------+--------+--------+-----+--------+
         Total |   5380 |   5380 |      0 |   2054 |      0 |   7 |  768.6 |
       Dungeon |   4986 |   4986 |      0 |   1854 |      0 |   6 |  831.0 |
        Temple |    393 |    393 |      0 |    200 |      0 |   1 |  393.0 |
               +--------+--------+--------+--------+--------+-----+--------+

Top non-repeatable levels by time:
     D:3: 1456 daAuts
     D:5: 1238 daAuts
     D:2: 995 daAuts
     D:4: 883 daAuts
  Temple: 393 daAuts
     D:1: 323 daAuts
     D:6: 88 daAuts
